 Dungeon Crawl Stone Soup version 0.24.0-37-gcf1ca852f1 (webtiles) character file.

Game seed: 2906719206625838552, levelgen mode: deterministic

627 Iamsoldier the Charmwright (level 7, -2/84 HPs)
             Began as a Gnoll Skald on Nov 24, 2019.
             Was a Follower of Yredelemnul.
             Succumbed to Valentain's ghost's poison
             ... on level 5 of the Dungeon.
             The game lasted 00:13:19 (4207 turns).

Iamsoldier the Charmwright (Gnoll Skald)            Turns: 4207, Time: 00:13:19

Health: -2/84      AC: 23    Str: 13    XL:     7   Next: 48%
Magic:  8/15       EV:  2    Int: 23    God:    Yredelemnul [*.....]
Gold:   312        SH:  0    Dex: 19    Spells: 8/17 levels left

rFire    . . .     SeeInvis .   b - +2 dagger (venom)
rCold    . . .     Gourm    .   (no shield)
rNeg     + + +     Faith    .   (armour currently unavailable)
rPois    +         Spirit   .   (helmet currently unavailable)
rElec    .         Reflect  .   (cloak currently unavailable)
rCorr    .         Harm     .   (gloves currently unavailable)
MR       .....     NoTele   +   (boots currently unavailable)
Stlth    ++........             n - amulet of regeneration
HPRegen  0.64/turn              u - ring of wizardry
MPRegen  0.14/turn              (no ring)

@: confused, brilliant, agile, lethally poisoned (-2 -> -17), tree-form
A: distributed training, strong nose
a: Animate Remains, Renounce Religion


You were on level 5 of the Dungeon.
You worshipped Yredelemnul.
Yredelemnul was aware of your devotion.
You were very hungry.
You were a tree.
You visited 1 branch of the dungeon, and saw 5 of its levels.

You collected 312 gold pieces.

Inventory:

Hand Weapons
 a - a +0 spear
 b - a +2 dagger of venom (weapon)
 z - a +4 quarterstaff of chaos
Missiles
 m - 6 boomerangs (quivered)
 s - a throwing net
Armour
 e - a +0 cloak
 g - a +0 leather armour (melded)
 o - a +0 helmet (melded)
 x - a scarf of spirit shield (melded)
 A - a +0 pair of gloves (melded)
Jewellery
 n - an amulet of regeneration (around neck)
 u - a ring of wizardry (left branch)
Wands
 k - a wand of paralysis (6)
 w - a wand of digging (6)
 B - a wand of acid (2)
Scrolls
 h - 5 scrolls of remove curse
 i - a scroll of teleportation {unknown}
 j - 4 scrolls of enchant armour {unknown}
 l - 7 scrolls of identify {unknown}
 t - 2 scrolls of fear {unknown}
 y - 2 scrolls of immolation {unknown}
 D - a scroll of amnesia {unknown}
Potions
 v - a potion of flight
Comestibles
 d - 10 rations
 E - a chunk of flesh


   Skills:
 + Level 5.2 Fighting
 + Level 2.4 Short Blades
 + Level 2.4 Long Blades
 + Level 2.4 Axes
 + Level 2.4 Maces & Flails
 + Level 5.2 Polearms
 + Level 2.4 Staves
 + Level 2.4 Slings
 + Level 2.4 Bows
 + Level 2.4 Crossbows
 + Level 2.4 Throwing
 + Level 3.6 Armour
 + Level 5.2 Dodging
 + Level 2.4 Stealth
 + Level 2.4 Shields
 + Level 2.4 Unarmed Combat
 + Level 5.6 Spellcasting
 + Level 2.0 Conjurations
 + Level 2.0 Hexes
 + Level 5.8 Charms
 + Level 2.0 Summonings
 + Level 2.0 Necromancy
 + Level 2.0 Translocations
 + Level 2.0 Transmutations
 + Level 2.0 Fire Magic
 + Level 2.0 Ice Magic
 + Level 2.0 Air Magic
 + Level 2.0 Earth Magic
 + Level 2.0 Poison Magic
 + Level 2.7 Invocations
 + Level 2.4 Evocations


You had 8 spell levels left.
You knew the following spells:

 Your Spells              Type           Power        Failure   Level  Hunger
a - Infusion              Chrm           ####         1%          1    None
b - Shroud of Golubria    Chrm/Tloc      #####.       1%          2    None
c - Spectral Weapon       Hex/Chrm       #####...     1%          3    ##.....
d - Regeneration          Chrm/Necr      #####.....   1%          3    ##.....

Your spell library contained the following spells:

 Spells                   Type           Power        Failure   Level  Hunger
 Song of Slaying          Chrm           #####...     1%          2    None


Dungeon Overview and Level Annotations

Branches:
Dungeon (5/15)             Temple (0/1) D:4

Altars:
Cheibriados
Gozag
Hepliaklqana
Ru
Sif Muna
Trog
Uskayaw
Yredelemnul

Annotations:
D:5 Valentain's ghost, novice OpEn


Innate Abilities, Weirdness & Mutations

Your experience applies equally to all skills.
((You have very sharp teeth.))
Your uncanny sense of smell can sniff out nearby items.


Message History

You hit Valentain's ghost.
Valentain's ghost is severely damaged.
* * * LOW HITPOINT WARNING * * *
You feel very sick.
Valentain's ghost hits you but does no damage.
You swing at nothing.
* * * LOW HITPOINT WARNING * * *
You feel sick. Valentain's ghost casts a spell at you.
You are more confused.
The hound stops to sniff the ground.
You swing at nothing.
* * * LOW HITPOINT WARNING * * *
You feel sick.
Valentain's ghost stares at you and mumbles some strange words.
You struggle to resist.
You barely miss Valentain's ghost.
Valentain's ghost is severely damaged.
You die...
Your body rises from the dead as a mindless zombie.

###.### #.##
#.....#####
#.. ###
#.##.##∩8.##
#.# ..# #.
#.#.$.$.#
#.#
#.##.'$$..8#
#
#....†$_8.∩#
##.#h'$...8#
#.#W#$.$..#
#.#♣##.8.##
..########
##


You could see a hound and Valentain's ghost.

Vanquished Creatures
  A scorpion (D:4)
  A crimson imp (D:5)
  A centaur skeleton (D:4)
  A bullfrog skeleton (D:4)
  Crazy Yiuf (D:4)
  Jessica (D:2)
  Ijyb (D:4)
  4 worker ants
  8 gnolls
  A howler monkey skeleton (D:4)
  11 adders
  An ooze (D:1)
  2 adder skeletons
  3 worms
  3 dart slugs
  2 leopard geckos
  7 orcs
  3 ball pythons
  7 giant cockroaches
  9 goblins
  9 hobgoblins
  2 quokkas
  4 bats
  2 frilled lizards
  6 kobolds
  A leopard gecko skeleton (D:4)
  A leopard gecko zombie (D:5)
  A quokka skeleton (D:4)
  11 rats
105 creatures vanquished.

Vanquished Creatures (collateral kills)
  A hound (D:5)
1 creature vanquished.

Vanquished Creatures (others)
  2 adder zombies
  A leopard gecko skeleton (D:5)
  2 orc zombies
  A spectral weapon (D:5)
6 creatures vanquished.

Grand Total: 112 creatures vanquished

Notes
Turn   | Place    | Note
-------+----------+-------------------------------------------
     0 | D:1      | Iamsoldier the Gnoll Skald began the quest for the Orb.
     0 | D:1      | Reached XP level 1. HP: 20/20 MP: 6/6
   221 | D:1      | Reached XP level 2. HP: 24/26 MP: 2/7
   826 | D:1      | Reached XP level 3. HP: 31/31 MP: 9/9
   831 | D:1      | Learned a level 3 spell: Regeneration
   834 | D:1      | Learned a level 2 spell: Shroud of Golubria
   843 | D:1      | Learned a level 3 spell: Spectral Weapon
   915 | D:1      | Reached skill level 5 in Spellcasting
  1248 | D:2      | Reached skill level 1 in Invocations
  1327 | D:2      | Reached skill level 1 in Short Blades
  1327 | D:2      | Reached skill level 1 in Long Blades
  1327 | D:2      | Reached skill level 1 in Axes
  1327 | D:2      | Reached skill level 1 in Maces & Flails
  1327 | D:2      | Reached skill level 1 in Staves
  1327 | D:2      | Reached skill level 1 in Slings
  1327 | D:2      | Reached skill level 1 in Bows
  1327 | D:2      | Reached skill level 1 in Crossbows
  1327 | D:2      | Reached skill level 1 in Throwing
  1327 | D:2      | Reached skill level 1 in Stealth
  1327 | D:2      | Reached skill level 1 in Shields
  1327 | D:2      | Reached skill level 1 in Unarmed Combat
  1327 | D:2      | Reached skill level 1 in Evocations
  1327 | D:2      | Reached XP level 4. HP: 38/38 MP: 4/11
  1351 | D:2      | Reached skill level 1 in Conjurations
  1351 | D:2      | Reached skill level 1 in Hexes
  1351 | D:2      | Reached skill level 1 in Summonings
  1351 | D:2      | Reached skill level 1 in Necromancy
  1351 | D:2      | Reached skill level 1 in Translocations
  1351 | D:2      | Reached skill level 1 in Transmutations
  1351 | D:2      | Reached skill level 1 in Fire Magic
  1351 | D:2      | Reached skill level 1 in Ice Magic
  1351 | D:2      | Reached skill level 1 in Air Magic
  1351 | D:2      | Reached skill level 1 in Earth Magic
  1351 | D:2      | Reached skill level 1 in Poison Magic
  1650 | D:2      | Reached XP level 5. HP: 30/43 MP: 12/12
  1957 | D:2      | Noticed Jessica
  1969 | D:2      | Killed Jessica
  2304 | D:3      | Found a basalt altar of Yredelemnul.
  2307 | D:3      | Became a worshipper of Yredelemnul the Dark
  2407 | D:3      | Found a shimmering blue altar of Sif Muna.
  2411 | D:3      | Found an opulent altar of Gozag.
  2413 | D:3      | Found a sacrificial altar of Ru.
  2413 | D:3      | Found a hazy altar of Hepliaklqana.
  2413 | D:3      | Found a snail-covered altar of Cheibriados.
  2414 | D:3      | Found a hide-covered altar of Uskayaw.
  2414 | D:3      | Found a bloodstained altar of Trog.
  2532 | D:3      | Reached XP level 6. HP: 50/50 MP: 13/13
  2747 | D:4      | Reached skill level 5 in Fighting
  2747 | D:4      | Reached skill level 5 in Polearms
  2747 | D:4      | Reached skill level 5 in Dodging
  2748 | D:4      | Reached * piety under Yredelemnul
  2763 | D:4      | Found a staircase to the Ecumenical Temple.
  2765 | D:4      | Noticed Ijyb
  2776 | D:4      | Killed Ijyb
  3480 | D:4      | Found a runed translucent door.
  3481 | D:4      | Noticed Crazy Yiuf
  3501 | D:4      | Paralysed by Crazy Yiuf for 2 turns
  3515 | D:4      | Killed Crazy Yiuf
  3515 | D:4      | Reached XP level 7. HP: 54/56 MP: 9/15
  3690 | D:5      | Entered Level 5 of the Dungeon
  4148 | D:5      | Found a runed translucent gate.
  4149 | D:5      | Found a runed translucent gate.
  4150 | D:5      | Found an opulent altar of Gozag.
  4150 | D:5      | Found a runed translucent gate.
  4151 | D:5      | Noticed Valentain's ghost (novice OpEn)
  4204 | D:5      | HP: 4/84 [poisoned by Valentain's ghost]
  4206 | D:5      | HP: 1/84 [poisoned by Valentain's ghost]
  4207 | D:5      | Succumbed to Valentain's ghost's poison

Levels and vault maps discovered:
D:1:      mainiacjoe_arrival_reflecting_pool, layout_basic
D:2:      layout_rooms, uniq_jessica
D:3:      layout_basic, lemuel_doored_altar, grunt_temple_overflow_open
D:4:      layout_rooms, minmay_temple_entry_purple_smoke, first_ration,
          uniq_crazy_yiuf_cottage, uniq_ijyb
D:5:      layout_loops_ring, ebering_ghost_gozag

Skill      XL: |  1  2  3  4  5  6  7 |
---------------+----------------------+-----
Spellcasting   | 5 |  5.6
Invocations    | 1 2 |  2.7
Short Blades   | 1 2 |  2.4
Long Blades    | 1 2 |  2.4
Axes           | 1 2 |  2.4
Maces & Flails | 1 2 |  2.4
Staves         | 1 2 |  2.4
Slings         | 1 2 |  2.4
Bows           | 1 2 |  2.4
Crossbows      | 1 2 |  2.4
Throwing       | 1 2 |  2.4
Stealth        | 1 2 |  2.4
Shields        | 1 2 |  2.4
Unarmed Combat | 1 2 |  2.4
Evocations     | 1 2 |  2.4
Conjurations   | 1 2 |  2.0
Hexes          | 1 2 |  2.0
Summonings     | 1 2 |  2.0
Necromancy     | 1 2 |  2.0
Translocations | 1 2 |  2.0
Transmutations | 1 2 |  2.0
Fire Magic     | 1 2 |  2.0
Ice Magic      | 1 2 |  2.0
Air Magic      | 1 2 |  2.0
Earth Magic    | 1 2 |  2.0
Poison Magic   | 1 2 |  2.0
Armour         | 3 |  3.6
Fighting       | 5 |  5.2
Polearms       | 5 |  5.2
Dodging        | 5 |  5.2
Charms         | |  5.8

Action                   |  1- 3 |  4- 6 |  7- 9 || total
-------------------------+-------+-------+-------++-------
Melee: Spear             |    32 |       |       ||    32
       Bite              |     5 |    18 |     7 ||    30
       Dagger            |    36 |   164 |    81 ||   281
       Unarmed           |       |    10 |       ||    10
       Punch             |       |     2 |       ||     2
 Cast: Infusion          |     3 |     8 |     1 ||    12
       Shroud of Golubri |     2 |     6 |     3 ||    11
       Spectral Weapon   |     1 |     3 |     1 ||     5
       Regeneration      |     1 |     2 |     2 ||     5
Invok: Animate Remains   |       |     2 |     5 ||     7
  Use: Scroll            |       |     1 |       ||     1
       Potion            |       |       |     7 ||     7
 Stab: Sleeping          |     2 |     5 |       ||     7
       Confused          |       |     4 |       ||     4
  Eat: Chunk             |     1 |     8 |     3 ||    12
Armor: Leather armour    |    14 |    26 |    20 ||    60
       Skin              |       |     1 |     3 ||     4
Dodge: Dodged            |    41 |    91 |    48 ||   180
